 Dungeon Crawl Stone Soup version 0.20-a0-235-g8b3a786 (webtiles) character file.

280832 zarick13 the Swordmaster (level 19, -7/181 HPs)
             Began as a Minotaur Gladiator on Nov 26, 2016.
             Was the Champion of Ieoh Jian.
             Killed from afar by a deep elf knight (20 damage)
             ... with an orb of energy
             ... on level 3 of the Elven Halls on Nov 28, 2016.
             The game lasted 02:22:52 (39245 turns).

zarick13 the Swordmaster (Minotaur Gladiator)      Turns: 39245, Time: 02:22:52

Health: -7/181     AC: 35    Str: 30    XL:     19   Next: 69%
Magic:  18/18      EV: 19    Int:  5    God:    Ieoh Jian [******]
Gold:   2473       SH:  0    Dex: 20    Spells: 18/18 levels left

rFire  . . .     SeeInvis .     a - +9 triple sword (slice)
rCold  + . .     Gourm    +     V - +4 plate armour "Narut" {Str+6 Slay+2}
rNeg   . . .     Faith    .     (shield currently unavailable)
rPois  .         Spirit   .     c - +2 hat
rElec  .         Reflect  .     i - +2 cloak
rCorr  .         Harm     .     J - +0 pair of fencer's gloves {+Riposte Dex+3}
MR     +++..                    n - +2 pair of boots
Stlth  ..........               v - amulet of the gourmand
                                t - +3 ring of protection
                                Y - ring of the Endless Expanse {rC+ MR+ Str+2}

@: very slightly contaminated, hasted, very quick
A: retaliatory headbutt, horns 2, magic resistance 1
}: 2/15 runes: decaying, gossamer
a: Project Weapon, Recall Weapon, Steel Dragonfly Technique, Renounce Religion


You were on level 3 of the Elven Halls.
You worshipped Ieoh Jian.
Ieoh Jian was exalted by your worship.
You were not hungry.

You visited 7 branches of the dungeon, and saw 35 of its levels.
You visited the Abyss 1 time.
You visited 1 bazaar.

You collected 3472 gold pieces.
You spent 999 gold pieces at shops.


Innate Abilities, Weirdness & Mutations

You reflexively headbutt those who attack you in melee.
You have a pair of horns on your head.
You are resistant to hostile enchantments. (MR+)


   Skills:
 + Level 18.8 Fighting
 O Level 27 Long Blades
   Level 2.1(24.8) Maces & Flails
 - Level 2.0 Throwing
 - Level 16.0 Armour
 - Level 15.3 Dodging


You had 18 spell levels left.
You didn't know any spells.

Inventory:

Hand Weapons
 a - a +9 triple sword of slicing (weapon)
 b - the +8 war axe "Widowermaker" {speed, rC- Str+7} Attacks with this weapon are significantly faster. It affects your strength (+7). It makes you vulnerable to cold.
 E - a +7 bardiche of holy wrath
 M - a +4 scimitar of flaming
Missiles
 d - 6 throwing nets (quivered) {=f}
Armour
 c - a +2 hat (worn)
 i - a +2 cloak (worn)
 n - a +2 pair of boots (worn)
 J - the +0 pair of fencer's gloves (worn) {+Riposte Dex+3}

   It affects your dexterity (+3).
 Q - +0 fire dragon scales
 V - the +4 plate armour "Narut" (worn) {Str+6 Slay+2}

   It affects your strength (+6).
   It affects your accuracy and damage with ranged weapons and melee attacks
   (+2).
Jewellery
 e - the amulet "Poloynia" {RegenMP Dex+4}

   [amulet of magic regeneration]

   It increases your magic regeneration.
   It affects your dexterity (+4).
 r - an uncursed ring of ice
 t - a +3 ring of protection (right hand)
 u - the ring of the Scarab {Fire Int+4}

   [ring of fire]

   It enhances your fire magic.
   It affects your intelligence (+4).
   It protects you from fire.
   It makes you vulnerable to cold.
 v - an amulet of the gourmand (around neck)
 Y - the ring of the Endless Expanse (left hand) {rC+ MR+ Str+2}

   [ring of strength]

   It affects your strength (+2).
   It protects you from cold.
   It affects your resistance to hostile enchantments.
 Z - an uncursed ring of poison resistance
Wands
 o - a wand of teleportation (4/9) {!d@v4}
 p - a wand of acid (11/15)
 q - a wand of disintegration (7/24)
 B - a wand of acid (6/15)
 G - a wand of lightning (0/15)
 L - a wand of digging (12/24)
Scrolls
 y - 20 scrolls of remove curse
 z - 10 scrolls of teleportation {@r4}
 C - 2 scrolls of identify {@r1}
 F - 2 scrolls of amnesia
 I - 4 scrolls of magic mapping
 K - 4 scrolls of enchant weapon
 N - a scroll of fear
 S - a scroll of brand weapon
 U - 4 scrolls of recharging
 W - 4 scrolls of vulnerability {!r}
 X - 5 scrolls of immolation {!r}
Potions
 g - 8 potions of agility
 j - 5 potions of flight
 k - 12 potions of curing {@q1}
 l - a potion of resistance
 m - 3 potions of heal wounds {@q2}
 s - 2 potions of cure mutation
 A - 2 potions of magic
 D - a potion of cancellation
 H - 3 potions of haste {@q3}
 O - 6 potions of ambrosia
 R - 2 potions of invisibility
 T - 4 potions of might
Comestibles
 f - 20 bread rations
 h - 6 royal jellies
 x - 19 meat rations

Dungeon Overview and Level Annotations

Branches:
Dungeon (15/15)            Temple (1/1) D:7            Lair (6/6) D:10
  Swamp (4/4) Lair:4       Spider (4/4) Lair:2        Slime (0/5) Lair:6
    Orc (2/2) D:9             Elf (3/3) Orc:2        Vaults (0/5) D:13
 Depths (0/5) D:15

Altars:
Ashenzari
Cheibriados
Dithmenos
Elyvilon
Fedhas
Gozag
Hepliaklqana Ieoh Jian
Kikubaaqudgha
Makhleb
Nemelex Xobeh
Okawaru
Qazlal
Ru
Sif Muna
Trog
Uskayaw
Vehumet
Xom
Yredelemnul
Zin
The Shining One
Jiyva

Shops:
D:15 *   Orc:1 ?   Orc:2 %?%?   Elf:1 ((*?

Annotations:
Lair:3 exclusions: electric eel and 1 more exclusion
Swamp:1 exclusion: Roxanne, Roxanne

######.# #.# #..).### #.# #e#
##...#.# #.# #e# ####.## #.# #.#
##.# #.##########[# ###
######.(((.....[ยง.#
.......#########.## ######.# #.#
######### #.# #@# #.......## #.#
#.# #........## #.# #.#
#.........## #.# #.#
#..........# #.#
#.#####...........
##.#########.....'..........#
###.......)))......#......<..##
###.........###)####.##.......##
......#####.# #.# #.###.....##


You could see 2 deep elf knights.


Message History

The deep elf knight hits you but does no damage.
Unknown command.
You spin and strike the deep elf blademaster!
You barely miss the deep elf blademaster.
Your headbutt misses the deep elf blademaster.
The deep elf blademaster is severely wounded.
You grab the +6 executioner's axe of flaming from the air.
The deep elf blademaster hits you with a vampiric rapier!
* * * LOW HITPOINT WARNING * * *
The deep elf blademaster hits you but does no damage.
Things that are here:
a long sword; an embroidered robe; 125 gold pieces You slice the deep elf blademaster!!
You burn the deep elf blademaster.
You kill the deep elf blademaster!
Ieoh Jian accepts your kill.
You hear a shout!
The deep elf knight hits your +9 triple sword of slicing but does no damage.
The deep elf knight gestures wildly while chanting.
Items here: ( )) [ a leather armour; 3 arrows; an uncursed dagger of venom; an uncursed shortbow You hear rumbling.
The deep elf knight points at you and mumbles some strange words.
The stone arrow hits you!
* * * LOW HITPOINT WARNING * * *
The deep elf knight points at you and mumbles some strange words.
The stone arrow hits your +9 triple sword of slicing.
Your +9 triple sword of slicing flies back to your hands!
The deep elf knight gestures at you while chanting.
The orb of energy hits you!
You die...

Action                   |  1- 3 |  4- 6 |  7- 9 | 10-12 | 13-15 | 16-18 | 19-21 || total
-------------------------+-------+-------+-------+-------+-------+-------+-------++-------
Melee: Long sword        |    85 |   109 |   309 |    52 |       |       |       ||   555
       Headbutt          |    10 |    27 |    79 |   114 |   246 |   319 |    81 ||   876
       Punch             |       |       |     5 |    33 |    55 |    11 |     3 ||   107
       Short sword       |       |       |     5 |       |       |       |       ||     5
       Halberd           |       |       |     1 |       |       |       |       ||     1
       Flail             |       |       |       |    33 |    20 |       |       ||    53
       Morningstar       |       |       |       |    34 |       |       |       ||    34
       War axe           |       |       |       |    43 |   154 |   120 |       ||   317
       Scimitar          |       |       |       |   294 |   289 |    20 |       ||   603
       Broad axe         |       |       |       |     4 |       |     1 |       ||     5
       Great sword       |       |       |       |     8 |     7 |       |       ||    15
       Bardiche          |       |       |       |     3 |     2 |       |       ||     5
       Double sword      |       |       |       |     1 |    79 |     2 |       ||    82
       Rapier            |       |       |       |     1 |       |       |       ||     1
       Eveningstar       |       |       |       |       |    42 |     1 |       ||    43
       Battleaxe         |       |       |       |       |    10 |       |       ||    10
       Unarmed           |       |       |       |       |     9 |       |     3 ||    12
       Demon blade       |       |       |       |       |     8 |       |       ||     8
       Executioner's axe |       |       |       |       |    31 |    59 |    13 ||   103
       Demon whip        |       |       |       |       |    19 |    18 |       ||    37
       Demon trident     |       |       |       |       |     9 |     1 |    14 ||    24
       Triple sword      |       |       |       |       |   191 |   867 |   217 ||  1275
       Whip              |       |       |       |       |     5 |       |       ||     5
       Glaive            |       |       |       |       |       |     5 |       ||     5
       Great mace        |       |       |       |       |       |    29 |       ||    29
       Scythe            |       |       |       |       |       |     1 |       ||     1
       Lajatang          |       |       |       |       |       |     1 |       ||     1
Throw: Throwing net      |       |       |       |       |       |     1 |       ||     1
Invok: Recall Weapon     |       |       |       |       |     1 |     1 |       ||     2
       Project Weapon    |       |       |       |       |     1 |       |     1 ||     2
Evoke: Wand              |       |       |       |     1 |     2 |     1 |     5 ||     9
  Use: Scroll            |     9 |     2 |    12 |    10 |    12 |    11 |     8 ||    64
       Potion            |       |       |     2 |     1 |     5 |     4 |     1 ||    13
 Stab: Paralysed         |       |       |       |     1 |     3 |       |       ||     4
       Invisible         |       |       |       |       |     5 |     1 |       ||     6
       Confused          |       |       |       |       |     2 |       |       ||     2
       Distracted        |       |       |       |       |       |     2 |     1 ||     3
       Sleeping          |       |       |       |       |       |       |     1 ||     1
  Eat: Chunk             |     3 |    24 |     9 |    31 |    35 |    43 |     3 ||   148
Armor: Leather armour    |     4 |       |       |       |       |       |       ||     4
       Chain mail        |    28 |    61 |   160 |   105 |       |       |       ||   354
       Plate armour      |       |       |       |    87 |   198 |   399 |    80 ||   764
       Swamp dragon scal |       |       |       |       |   126 |   164 |       ||   290
       Fire dragon scale |       |       |       |       |    32 |     9 |       ||    41
Dodge: Dodged            |    42 |    33 |   105 |   187 |   427 |   636 |   100 ||  1530
       Rpst.: Long sword |     8 |     6 |    30 |     1 |       |       |       ||    45
       Scimitar          |       |       |       |    37 |    28 |     4 |       ||    69
       Great sword       |       |       |       |     2 |     1 |       |       ||     3
       Double sword      |       |       |       |       |     9 |       |       ||     9
       Triple sword      |       |       |       |       |    22 |   107 |    36 ||   165
       Eveningstar       |       |       |       |       |       |     1 |       ||     1
       War axe           |       |       |       |       |       |     1 |       ||     1
       Demon trident     |       |       |       |       |       |       |     2 ||     2

Vault maps used:
D:1:      ldierk_water_garden, minmay_misc_feat_room
D:2:      chequers_ecumenical_altar_simple_redux
D:5:      first_bread
D:6:      marbit_many_paths, uniq_menkaure
D:8:      uniq_gastronok, uniq_psyche
D:9:      orc_0_dummy, uniq_erica
D:10:     david_lair_shrubbed
D:12:     grunt_tengu_nest
D:13:     david_vaults_3, serial_shops, bzr_entry_water, uniq_urug
D:14:     minmay_misc_feat_chi, hex_large
D:15:     hangedman_depths_entry_try_elsewhere_first, roderic_roman_lattice,
          serial_shops, nicolae_shop_overgrown_old_shop, uniq_nessos
Temple:   kilobyte_greek_temple
Lair:2:   spider_nest_entry_webs, grunt_megastairs_1, infiniplex_staircase_pool,
          lemuel_fruit_tree
Lair:3:   serial_bayou_shore_a
Lair:4:   swamp_mist_pool, st_stairs_7, serial_bayou_shore_b,
          grunt_megastairs_4, uniq_snorg
Lair:5:   gammafunk_lair_bear_cave
Lair:6:   due_jungle_book, dpeg_slime_entry_enclosed_altar,
          grunt_forest_large_clearings, minmay_lair_oklob_chamber
Swamp:1:  nicolae_swamp_round_clearing, uniq_louise, uniq_roxanne
Swamp:2:  evilmike_swamp_ruin_house_4, swamp_pool4
Swamp:3:  evilmike_swamp_ruin_house_6, uniq_kirke
Swamp:4:  swamp_fiery
Spider:2: guppyfry_spider_mini_1, uniq_arachne, uniq_frances
Spider:3: guppyfry_spider_mini_3
Spider:4: grunt_spider_rune_parallel
Orc:1:    serial_shops, shop, nicolae_alphabet_shops
Orc:2:    st_orc_ogre_mass, uniq_rupert
Elf:1:    evilmike_minifort, minmay_shoptagon
Elf:2:    special_room, basic_altar
Elf:3:    elf_hall, spider_trap, item_on_display_a, uniq_jorgrun
Abyss:2:  hangedman_cross_veins, onia_ninara_dug_in_and_dangerous
Bazaar:   bazaar_kb_twisted_cavern

Notes
Turn   | Place    | Note
-------+----------+-------------------------------------------
     0 | D:1      | zarick13 the Minotaur Gladiator began the quest for the Orb.
     0 | D:1      | Reached XP level 1. HP: 18/18 MP: 0/0
    74 | D:1      | Reached skill level 4 in Long Blades
   253 | D:1      | Reached XP level 2. HP: 25/25 MP: 1/1
   949 | D:2      | Reached skill level 5 in Long Blades
   960 | D:2      | Found a faded altar of an unknown god.
   991 | D:2      | Reached XP level 3. HP: 28/30 MP: 2/2
  1758 | D:3      | Reached XP level 4. HP: 37/37 MP: 3/3
  1794 | D:3      | Reached skill level 6 in Long Blades
  2088 | D:3      | Reached skill level 7 in Long Blades
  2088 | D:3      | Reached XP level 5. HP: 42/42 MP: 4/4
  2392 | D:4      | Noticed a phantom
  2406 | D:4      | Killed a phantom
  2406 | D:4      | Reached skill level 8 in Long Blades
  2406 | D:4      | Reached XP level 6. HP: 34/50 MP: 5/5
  2765 | D:4      | Noticed Buffagor's ghost (amateur VSMo)
  3036 | D:4      | Killed Buffagor's ghost
  3036 | D:4      | Reached skill level 9 in Long Blades
  3036 | D:4      | Reached XP level 7. HP: 46/56 MP: 6/6
  3248 | D:4      | Reached skill level 10 in Long Blades
  3496 | D:5      | Entered Level 5 of the Dungeon
  4133 | D:5      | Reached skill level 11 in Long Blades
  4426 | D:6      | Reached XP level 8. HP: 58/62 MP: 7/7
  4507 | D:6      | Gained mutation: You are resistant to hostile enchantments. (MR+) [potion of beneficial mutation]
  4683 | D:6      | Found a white marble altar of Elyvilon.
  4724 | D:6      | Noticed Menkaure
  4733 | D:6      | Killed Menkaure
  4733 | D:6      | Reached skill level 12 in Long Blades
  5245 | D:6      | Reached skill level 13 in Long Blades
  5332 | D:7      | Found a staircase to the Ecumenical Temple.
  5391 | D:7      | Noticed a hippogriff
  5401 | D:7      | Killed a hippogriff
  5409 | D:7      | Reached XP level 9. HP: 64/68 MP: 8/8
  5426 | D:7      | Reached skill level 14 in Long Blades
  5469 | Temple   | Entered the Ecumenical Temple
  5575 | Temple   | Became a worshipper of Ieoh Jian the Bladed Council
  6030 | D:7      | Reached skill level 1 in Armour
  6141 | D:7      | Reached skill level 2 in Armour
  6277 | D:8      | Noticed Psyche
  6287 | D:8      | Killed Psyche
  6287 | D:8      | Reached skill level 4 in Armour
  6317 | D:8      | Reached * piety under Ieoh Jian
  6364 | D:8      | Reached skill level 5 in Armour
  6397 | D:8      | Reached skill level 6 in Armour
  6597 | D:8      | Noticed Gastronok
  6631 | D:8      | Killed Gastronok
  6631 | D:8      | Reached skill level 10 in Armour
  6631 | D:8      | Reached XP level 10. HP: 45/74 MP: 9/9
  7231 | D:9      | Reached skill level 4 in Dodging
  7274 | D:9      | Got a fine flail
  7285 | D:9      | Identified the +4 flail of Doubt {freeze, *Rage rC++ Str+8} (You found it on level 9 of the Dungeon)
  7384 | D:9      | Reached skill level 1 in Maces & Flails
  7398 | D:9      | Reached skill level 2 in Maces & Flails
  7428 | D:9      | Reached skill level 5 in Dodging
  7438 | D:9      | Reached ** piety under Ieoh Jian
  7483 | D:9      | Found a staircase to the Orcish Mines.
  7487 | D:9      | Noticed Erica
  7518 | D:9      | Killed Erica
  7518 | D:9      | Reached skill level 6 in Dodging
  7694 | D:9      | Reached skill level 7 in Dodging
  8124 | D:10     | Entered Level 10 of the Dungeon
  8252 | D:10     | Noticed a hill giant
  8259 | D:10     | Killed a hill giant
  8259 | D:10     | Reached skill level 4 in Fighting
  8398 | D:10     | Reached skill level 5 in Fighting
  8403 | D:10     | Reached XP level 11. HP: 88/88 MP: 10/10
  8566 | D:10     | Reached skill level 6 in Fighting
  8615 | D:10     | Found a staircase to the Lair.
  8997 | D:10     | Noticed a hill giant
  9002 | D:10     | Killed a hill giant
  9002 | D:10     | Reached skill level 7 in Fighting
  9373 | D:10     | Reached *** piety under Ieoh Jian
  9383 | Lair:1   | Entered Level 1 of the Lair of Beasts
  9401 | Lair:1   | Got a shimmering rapier
  9402 | Lair:1   | Identified the +3 rapier of Pride {flame, Str+3} (You found it on level 1 of the Lair of Beasts)
  9479 | Lair:1   | Reached skill level 8 in Fighting
 10234 | Lair:2   | Found a hole to the Spider Nest.
 10246 | Lair:2   | Reached skill level 15 in Long Blades
 10321 | Lair:2   | Noticed a four-headed hydra
 10329 | Lair:2   | Killed a one-headed hydra
 10692 | Lair:2   | Reached skill level 16 in Long Blades
 11600 | Lair:2   | Identified a scroll of acquirement
 11728 | Lair:3   | Got a bloodstained plate armour
 11739 | Lair:3   | Identified the +4 plate armour "Narut" {Str+6 Slay+2} (You found it on level 3 of the Lair of Beasts)
 11923 | Lair:3   | Reached XP level 12. HP: 103/103 MP: 11/11
 11969 | Lair:3   | Reached skill level 17 in Long Blades
 12695 | Lair:4   | Reached skill level 18 in Long Blades
 12755 | Lair:4   | Reached **** piety under Ieoh Jian
 12880 | Lair:4   | Noticed a six-headed hydra
 12888 | Lair:4   | Killed a three-headed hydra
 13101 | Lair:4   | Reached skill level 19 in Long Blades
 13255 | Lair:4   | Found a staircase to the Swamp.
 13262 | Lair:4   | Noticed Snorg
 13277 | Lair:4   | Killed Snorg
 13725 | Lair:4   | Noticed an eight-headed hydra
 13732 | Lair:4   | Killed a five-headed hydra
 13800 | Lair:5   | Noticed a death yak
 13800 | Lair:5   | Noticed a death yak
 13800 | Lair:5   | Noticed a death yak
 13800 | Lair:5   | Noticed a death yak
 13802 | Lair:5   | Noticed a death yak
 13904 | Lair:5   | Got a shimmering lead amulet
 13905 | Lair:5   | Identified the amulet "Poloynia" {RegenMP Dex+4} (You found it on level 5 of the Lair of Beasts)
 13985 | Lair:5   | Killed a death yak
 13985 | Lair:5   | Reached XP level 13. HP: 79/110 MP: 12/12
 13991 | Lair:5   | Reached skill level 20 in Long Blades
 14811 | Lair:6   | Entered Level 6 of the Lair of Beasts
 14905 | Lair:6   | Reached skill level 21 in Long Blades
 14955 | Lair:6   | Reached ***** piety under Ieoh Jian
 15244 | Lair:6   | Got a dazzling whip
 15245 | Lair:6   | Identified the cursed +3 whip of the Curious Wonders {venom, rElec rPois Dex-2} (You found it on level 6 of the Lair of Beasts)
 15321 | Lair:6   | Reached skill level 22 in Long Blades
 15430 | Lair:6   | Found a viscous altar of Jiyva.
 15430 | Lair:6   | Found a staircase to the Slime Pits.
 15931 | Lair:6   | Noticed a dire elephant
 15931 | Lair:6   | Noticed a dire elephant
 15945 | Lair:6   | Killed a dire elephant
 15953 | Lair:6   | Killed a dire elephant
 15953 | Lair:6   | Reached XP level 14. HP: 54/116 MP: 13/13
 16588 | Lair:6   | Got a distressingly furry leather armour
 16599 | Lair:6   | Identified the +0 leather armour "Yluy" {-Tele Regen+ Str+3} (You found it on level 6 of the Lair of Beasts)
 16757 | Lair:5   | Reached skill level 23 in Long Blades
 16954 | D:11     | Reached skill level 9 in Fighting
 17657 | D:11     | Reached skill level 10 in Fighting
 17857 | Orc:1    | Entered Level 1 of the Orcish Mines
 17857 | Orc:1    | Found Quack's Magic Scroll Emporium.
 17886 | Orc:1    | Bought a scroll of magic mapping for 42 gold pieces
 17986 | Orc:2    | Entered Level 2 of the Orcish Mines
 17986 | Orc:2    | Found a staircase to the Elven Halls.
 18510 | Orc:2    | Reached skill level 11 in Fighting
 18641 | Orc:2    | Reached ****** piety under Ieoh Jian
 18825 | Orc:2    | Reached skill level 12 in Fighting
 18872 | Orc:2    | Found Miytec's Magic Scroll Shop.
 18872 | Orc:2    | Found Ciriy's Food Emporium.
 18873 | Orc:2    | Found Koeblaol's Magic Scroll Emporium.
 18873 | Orc:2    | Found Kouberr's Food Boutique.
 18875 | Orc:2    | Reached skill level 13 in Fighting
 19085 | Orc:2    | Bought a scroll of enchant weapon for 105 gold pieces
 19472 | Swamp:1  | Entered Level 1 of the Swamp
 19520 | Swamp:1  | Noticed Roxanne
 19670 | Swamp:1  | Reached skill level 14 in Fighting
 19681 | Swamp:1  | Noticed Louise
 19718 | Swamp:1  | Killed Louise
 19961 | Swamp:1  | Reached XP level 15. HP: 128/139 MP: 14/14
 20708 | Swamp:2  | Reached skill level 15 in Fighting
 22491 | Swamp:3  | Noticed Kirke
 22499 | Swamp:3  | Noticed a sphinx
 22501 | Swamp:3  | Killed Kirke
 22719 | Swamp:4  | Entered Level 4 of the Swamp
 22818 | Swamp:4  | Reached skill level 24 in Long Blades
 22862 | Swamp:4  | Reached skill level 8 in Dodging
 23353 | Swamp:4  | Reached skill level 9 in Dodging
 23928 | Swamp:4  | Reached skill level 10 in Dodging
 24323 | Swamp:4  | Reached XP level 16. HP: 150/150 MP: 15/15
 24529 | Swamp:4  | Got a decaying rune of Zot
 24835 | Swamp:4  | Reached skill level 11 in Dodging
 25168 | Spider:1 | Entered Level 1 of the Spider Nest
 25515 | Spider:1 | Reached skill level 11 in Armour
 25682 | Spider:1 | Got a bone war axe
 25683 | Spider:1 | Identified the +8 war axe "Widowermaker" {speed, rC- Str+7} (You found it on level 1 of the Spider Nest)
 26199 | Spider:2 | Reached skill level 12 in Armour
 26234 | Spider:2 | Noticed Frances
 26667 | Spider:2 | Reached skill level 13 in Armour
 26905 | Spider:2 | Killed Frances
 26929 | Spider:2 | Noticed Arachne
 26942 | Spider:2 | Killed Arachne
 26942 | Spider:2 | Reached skill level 14 in Armour
 27596 | Spider:3 | Reached skill level 15 in Armour
 28497 | Spider:3 | Reached skill level 16 in Armour
 28580 | Spider:3 | Reached XP level 17. HP: 138/157 MP: 16/16
 28699 | Spider:4 | Entered Level 4 of the Spider Nest
 29862 | Spider:4 | Reached skill level 25 in Long Blades
 30303 | Spider:4 | Got a gossamer rune of Zot
 30967 | D:12     | Identified a potion of resistance
 31341 | D:13     | Found a gate to the Vaults.
 31341 | D:13     | Noticed Urug
 31365 | D:13     | Killed Urug
 31409 | D:13     | Found a flickering gateway to a bazaar.
 31419 | Bazaar   | Entered a bazaar
 31419 | Bazaar   | Found Mayj's Armour Shop.
 31420 | Bazaar   | Found Uwyhu's Book Shop.
 31448 | Bazaar   | Found Reggyss's Weapon Shop.
 31453 | Bazaar   | Found Util's Assorted Antiques.
 31456 | Bazaar   | Found Giceugh's Magic Scroll Shoppe.
 31467 | Bazaar   | Bought a scroll of enchant weapon for 105 gold pieces
 31493 | Bazaar   | Bought a +2 pair of gloves of strength for 236 gold pieces
 31529 | Bazaar   | Bought 2 potions of curing for 120 gold pieces
 31984 | D:13     | You fall through a shaft!
 32073 | D:14     | Reached skill level 26 in Long Blades
 32133 | D:14     | Got an ancient tin ring
 32134 | D:14     | Identified the ring of the Scarab {Fire Int+4} (You found it on level 14 of the Dungeon)
 32993 | D:15     | Entered Level 15 of the Dungeon
 33007 | D:15     | Found Cakhlafim's Assorted Antiques.
 33008 | D:15     | Noticed Nessos
 33012 | D:15     | Reached XP level 18. HP: 166/166 MP: 17/17
 33016 | D:15     | Killed Nessos
 33023 | D:15     | Bought the +0 pair of fencer's gloves {+Riposte Dex+3} for 391 gold pieces
 33619 | D:15     | Found a staircase to the Depths.
 34177 | Elf:1    | Entered Level 1 of the Elven Halls
 34349 | Elf:1    | Found Cosoh's Antique Weapon Shop.
 34351 | Elf:1    | Found Osoh's Magic Scroll Boutique.
 34351 | Elf:1    | Found Cilul's Weapon Shop.
 34356 | Elf:1    | Found Rioqyran's General Store.
 34722 | Elf:1    | Reached skill level 27 in Long Blades
 35245 | Elf:2    | Found a deep blue altar of Sif Muna.
 35729 | Elf:2    | Reached skill level 12 in Dodging
 35741 | Elf:2    | Found a runed gate.
 35741 | Elf:2    | Found a runed gate.
 35741 | Elf:2    | Found a runed gate.
 36143 | Elf:2    | Reached skill level 13 in Dodging
 36199 | Elf:2    | Reached skill level 14 in Dodging
 36857 | Elf:2    | Reached skill level 15 in Dodging
 37008 | Elf:2    | Reached XP level 19. HP: 172/172 MP: 18/18
 37244 | Elf:3    | Entered Level 3 of the Elven Halls
 37270 | Elf:3    | Noticed Jorgrun
 37279 | Elf:3    | Killed Jorgrun
 37301 | Elf:3    | Reached skill level 16 in Fighting
 38134 | Elf:3    | Reached skill level 17 in Fighting
 38264 | Elf:3    | Got a pitted glass ring
 38302 | Elf:3    | Cast into level 2 of the Abyss (a deep elf demonologist)
 38315 | Abyss:2  | Identified a wand of teleportation (?/9) (You found it on level 2 of the Abyss)
 38316 | Abyss:2  | Identified the ring of the Endless Expanse {rC+ MR+ Str+2} (You took it off a deep elf knight on level 3 of the Elven Halls)
 38633 | Elf:3    | Escaped the Abyss
 38661 | Elf:3    | Reached skill level 18 in Fighting
 39243 | Elf:3    | HP: 13/181 [deep elf knight/stone arrow (32)]
 39245 | Elf:3    | Killed from afar by a deep elf knight

Vanquished Creatures
  Arachne (Spider:2)
  Jorgrun (Elf:3)
  2 deep elf blademasters (Elf:3)
  A deep elf master archer (Elf:3)
  2 sphinxes (Elf:2)
  Frances (Spider:2)
  Gastronok (D:8)
  Kirke (Swamp:3)
  2 deep elf sorcerers
  7 emperor scorpions
  5 ghost moths
  Louise (Swamp:1)
  A deep elf elementalist (Elf:3)
  2 entropy weavers (Spider:4)
  Nessos (D:15)
  5 deep elf annihilators (Elf:3)
  4 spark wasps
  6 dire elephants
  3 deep elf demonologists (Elf:3)
  3 deep elf death magi (Elf:3)
  Snorg (Lair:4)
  5 fire dragons
  2 rakshasas
  20 hydras
  Erica (D:9)
  2 centaur warriors (D:13)
  An anaconda (Lair:6)
  3 ghost crabs
  5 death yaks (Lair:5)
  4 ogre magi (Orc:2)
  30 dancing weapons
  8 alligators
  A thrashing horror (Abyss:2)
  A tengu warrior (D:14)
  16 deep elf knights
  An orc high priest (Orc:1)
  A storm dragon zombie (Abyss:2)
  Urug (D:13)
  An unseen horror (D:14)
  A ghost moth zombie (Abyss:2)
  2 spriggan druids (Swamp:4)
  2 shambling mangroves (Swamp:1)
  8 swamp dragons
  8 hill giants
  4 harpies (Elf:2)
  A wizard (D:14)
  20 deep elf archers
  2 lindwurms (Swamp:4)
  19 orb spiders
  7 ugly things
  4 oklob plants (Lair:6)
  A mana viper (Abyss:2)
  51 deep elf magi
  2 cyclopes
  26 wolf spiders
  A worldbinder (Abyss:2)
  2 salamanders
  A flying weapon (Swamp:4)
  12 manticores
  4 orc sorcerers
  4 moths of wrath
  12 elephants
  2 black mambas
  Psyche (D:8)
  An apocalypse crab (Abyss:2)
  A smoke demon (Abyss:2)
  2 gargoyles
  2 kobold demonologists (D:13)
  20 spiny frogs
  2 efreet
  2 rime drakes (Lair:5)
  9 komodo dragons
  A freezing wraith (Abyss:2)
  A yaktaur (shapeshifter) (Elf:3)
  12 demonic crawlers
  A tengu conjurer (D:12)
  21 hornets
  37 jumping spiders
  5 trolls
  2 polar bears (Lair:5)
  9 blink frogs
  11 hippogriffs
  6 tyrant leeches
  4 bog bodies
  16 slime creatures
  4 raiju (Abyss:2)
  A raiju (shapeshifter) (D:15)
  14 two-headed ogres
  An alligator zombie (Abyss:2)
  2 shadows
  7 water elementals
  13 spriggans
  31 tarantellas
  The ghost of Buffagor the Slasher, an amateur VSMo (D:4)
  5 air elementals
  92 redbacks
  A wraith (Abyss:2)
  A vampire (D:14)
  A ynoxinul (Abyss:2)
  5 wyverns
  A fire bat (Abyss:2)
  61 yaks
  A fire elemental (Elf:1)
  2 basilisks
  A neqoxec (Abyss:2)
  6 hogs (Swamp:3)
  16 humans (D:13)
  2 hungry ghosts
  3 steam dragons (Swamp:4)
  22 vampire mosquitoes
  4 large abominations (Abyss:2)
  A mottled dragon (shapeshifter) (Elf:2)
  3 mottled dragons (Swamp:4)
  4 wargs
  3 insubstantial wisps (Swamp:1)
  Menkaure (D:6)
  3 hell hounds (Elf:2)
  24 swamp worms
  9 water moccasins
  17 orc warriors
  9 swamp drakes
  7 porcupines
  2 sky beasts
  2 black bears (Lair:5)
  2 ice beasts (D:8)
  2 eyes of draining
  2 phantoms
  46 wolves
  3 boggarts (D:15)
  28 ogres
  8 centaurs
  14 crocodiles
  7 big kobolds
  4 earth elementals
  21 bullfrogs
  A wyvern skeleton (D:12)
  5 scorpions
  A killer bee (D:10)
  25 wights
  4 electric eels
  3 howler monkeys (D:11)
  8 crimson imps
  2 lava snakes
  3 centaur zombies
  14 orc priests
  4 bullfrog skeletons
  5 hounds
  6 jellies
  18 orc wizards
  5 centaur skeletons
  7 iguanas
  4 worker ants
  4 gnolls (D:5)
  16 adders
  2 shadow imps
  A white imp (Abyss:2)
  An ufetubus (Abyss:2)
  5 oozes
  An adder zombie (D:9)
  4 worms
  2 dart slugs
  8 leopard geckos
  70 orcs
  6 giant cockroaches
  8 goblins
  5 hobgoblins
  2 quokkas
  A ball python (D:6)
  10 bats
  8 frilled lizards
  A jackal skeleton (D:4)
  23 kobolds
  A leopard gecko skeleton (D:5)
  A quokka skeleton (D:6)
  8 rats
  A fire vortex (Swamp:4)
  A fungus (Lair:6)
  4 plants
  2 toadstools (D:1)
1347 creatures vanquished.

Vanquished Creatures (others)
  A hydra (Swamp:4)
  A deep elf knight (Elf:2)
  A swamp dragon (Swamp:4)
  A lindwurm (Swamp:4)
  A deep elf mage (Elf:2)
  A redback (Spider:1)
  A water elemental (Elf:1)
  184 flying weapons
  A steam dragon (Swamp:4)
  A swamp drake (Swamp:4)
  An orc (Orc:2)
  2 bushes (Lair:5)
  5 fungi
  9 plants
  2 toadstools (D:1)
212 creatures vanquished.

Grand Total: 1559 creatures vanquished
